 Dungeon Crawl Stone Soup version 0.27.1-4-g1640c2035a (webtiles) character file.

Game seed: 16126495756687421590

212 thirtiethelement the Skirmisher (level 5, 0/42 HPs)
             Began as a Demonspawn Abyssal Knight on Nov 15, 2021.
             Was a Believer of Lugonu.
             Killed from afar by an orc wizard (5 damage)
             ... with a puff of flame
             ... on level 3 of the Dungeon.
             The game lasted 00:06:12 (2462 turns).

thirtiethelement the Skirmisher (DsAK)              Turns: 2462, Time: 00:06:13

Health: 0/42       AC:  6    Str: 13    XL:     5   Next: 58%
Magic:  7/7        EV: 12    Int: 13    God:    Lugonu [**....]
Gold:   79         SH:  0    Dex: 13    Spells: 6/7 levels left

rFire    . . .     SeeInvis .   a - +1 hand axe
rCold    . . .     Faith    .   (no shield)
rNeg     . . .     Spirit   .   g - +2 leather armour {rPois}
rPois    +         Reflect  .   (helmet restricted)
rElec    .         Harm     .   (no cloak)
rCorr    .         Rampage  .   l - +0 pair of gloves
Will     .....                  (no boots)
Stlth    +.........             (no amulet)
HPRegen  0.14/turn              (no ring)
MPRegen  0.10/turn              (no ring)

@: confused
A: horns 1
a: Renounce Religion, Depart the Abyss, Bend Space


You were on level 3 of the Dungeon.
You worshipped Lugonu.
Lugonu was pleased with you.
You visited 1 branch of the dungeon, and saw 3 of its levels.
You visited the Abyss 1 time.

You collected 79 gold pieces.

Inventory:

Hand Weapons
 a - a +1 hand axe (weapon)
 d - a +2 dagger of freezing
Missiles
 e - 4 boomerangs (quivered)
Armour
 b - a +0 leather armour
 g - a +2 leather armour of poison resistance (worn)
 l - a +0 pair of gloves (worn)
Jewellery
 i - a ring of resist corrosion
Wands
 c - a wand of iceblast (4)
Scrolls
 j - a scroll of enchant weapon {unknown}
 k - a scroll of identify {unknown}
Potions
 f - a potion of curing {unknown}
 h - 2 potions of might {unknown}


   Skills:
 + Level 3.8 Fighting
 + Level 2.8 Axes
 + Level 2.2 Armour
 + Level 2.2 Dodging
 + Level 0.7 Stealth
 + Level 1.7 Spellcasting
 + Level 1.1 Transmutations
 + Level 2.7 Invocations


You had 6 spell levels left.
You knew the following spells:

 Your Spells              Type           Power      Damage    Failure   Level
a - Beastly Appendage     Tmut           8%         N/A       22%         1

Your spell library contained the following spells:

 Spells                   Type           Power      Damage    Failure   Level
 Wereblood                Tmut           4%         N/A       32%         2
 Spider Form              Tmut/Pois      1%         N/A       61%         3


Dungeon Overview and Level Annotations

Branches:
Dungeon (3/15)

Altars:

Shops:
D:1 =


Innate Abilities, Weirdness & Mutations

You have a pair of small horns on your head.


Message History

You are confused.
The orc priest mumbles some strange prayers to Beogh against you.
Beogh smites you!
* * * LOW HITPOINT WARNING * * *
An orc wizard comes into view. It is wielding a +0 dagger.
The orc wizard shouts!
You hit the orc priest but do no damage.
You claw the orc priest.
You kill the orc priest!
Lugonu accepts your kill.
You can now bend space around yourself.
You hit the orc wizard. You closely miss the orc priest.
Your talons disappear.
The orc wizard barely misses you.
The orc priest calls upon Beogh to heal the orc wizard.
The orc wizard is healed somewhat.
You are too confused!
The orc wizard hits you but does no damage.
The orc priest closely misses you.
The orc wizard hits you but does no damage.
Things that are here:
a +0 whip; a +0 ring mail; an orc corpse You are too confused!
You closely miss the orc priest.
The orc priest is lightly wounded.
You closely miss the orc wizard.
You hit the orc wizard but do no damage.
The orc wizard points at you and mumbles some strange words.
The magic dart hits you.
* * * LOW HITPOINT WARNING * * *
The orc priest closely misses you.
The orc wizard hits you but does no damage. x2
You closely miss the orc priest.
The orc priest is lightly wounded.
You miss the orc wizard. You hit the orc wizard.
The orc priest mumbles some strange prayers to Beogh against you.
You barely resist. The orc wizard barely misses you.
An orc comes into view. It is wielding a +0 whip.
The orc wizard casts a spell at you. The puff of flame hits you.
You die...

.......#.............. ....#
....#..#..#...##.###########
.....#.#.###...#.#
.........###.....#
#####............#
###.#..###....#
..........o....#
........o.##...#
##.......o@# ..# #........o#
.# #.......... #
#.........#. #.........#..
....)....# ## #########


You could see an orc priest, 2 orc wizards and an orc.

Vanquished Creatures
  An ogre (D:3)
  An orc priest (D:3)
  Jessica (D:2)
  3 adders (D:2)
  An orc (D:3)
  2 ball pythons (D:2)
  4 bats
  4 endoplasms (D:2)
  2 giant cockroaches
  8 goblins
  6 hobgoblins
  5 kobolds
  A quokka (D:2)
  4 frilled lizards
  2 rats
45 creatures vanquished.

Notes
Turn   | Place    | Note
-------+----------+-------------------------------------------
     0 | Abyss:1  | thirtiethelement the Demonspawn Abyssal Knight began the
                  | quest for the Orb.
     0 | Abyss:1  | Reached XP level 1. HP: 18/18 MP: 2/2
    56 | Abyss:2  | Noticed a wraith
    64 | D:1      | Escaped the Abyss
   257 | D:1      | Reached * piety under Lugonu
   361 | D:1      | Reached skill level 1 in Dodging
   426 | D:1      | Gained mutation: You have a pair of small horns on your
                  | head. [demonic ancestry]
   426 | D:1      | Reached XP level 2. HP: 21/24 MP: 3/3
   516 | D:1      | Found Jyul's Jewellery Shop.
   671 | D:1      | Found a faded altar of an unknown god.
   752 | D:1      | Learned a level 1 spell: Beastly Appendage
  1132 | D:2      | Reached XP level 3. HP: 27/29 MP: 3/5
  1595 | D:2      | Reached skill level 1 in Spellcasting
  1892 | D:2      | Noticed Jessica
  1902 | D:2      | Killed Jessica
  1903 | D:2      | Reached XP level 4. HP: 16/37 MP: 4/6
  2266 | D:3      | Noticed an ogre
  2275 | D:3      | Killed an ogre
  2276 | D:3      | Reached skill level 1 in Transmutations
  2276 | D:3      | Reached XP level 5. HP: 21/42 MP: 5/7
  2459 | D:3      | Reached ** piety under Lugonu
  2462 | D:3      | Killed from afar by an orc wizard

Illustrated notes

Levels and vault maps discovered:
D:1:      onia_arrival_mini_maze_b, layout_basic, ebering_ecumenical_altar_hall,
          serial_shops, shop, minmay_stone_trees_small
D:2:      layout_loops_ring, uniq_jessica
D:3:      layout_rooms, grunt_temple_overflow_lords_of_destruction,
          mainiacjoe_overflow_small_starburst, fedhas_altar_fruit_tree,
          serial_shops, nicolae_shop_behind_doors

Skill      XL: |  1  2  3  4 |
---------------+-------------+-----
Dodging        | 1 2 |  2.2
Axes           | 2 |  2.8
Spellcasting   | 1 |  1.7
Armour         | 2 |  2.2
Transmutations | 1 |  1.1
Fighting       | |  3.8
Stealth        | |  0.7
Invocations    | |  2.7

Action                   |  1- 3 |  4- 6 || total
-------------------------+-------+-------++-------
Melee: Hand axe          |    93 |    47 ||   140
       Kick              |     5 |     6 ||    11
       Headbutt          |     5 |    10 ||    15
 Cast: Beastly Appendage |    11 |     3 ||    14
Invok: Depart the Abyss  |     1 |       ||     1
Evoke: Wand              |     1 |       ||     1
 Stab: Sleeping          |     1 |       ||     1
Armor: Leather armour    |    36 |    22 ||    58
Dodge: Dodged            |    71 |    27 ||    98
